 Dungeon Crawl Stone Soup version 0.28-b1-25-g9875b3fc8c (webtiles) character file.

Game seed: 13075755369250456275

336 lordive the Summoner (level 6, -1/32 HPs)
             Began as a Tengu Summoner on Jan 31, 2022.
             Succumbed to a kobold brigand's curare-tipped dart
             ... in a sewer.
             The game lasted 00:07:00 (4604 turns).

lordive the Summoner (Tengu Summoner)               Turns: 4604, Time: 00:07:00

Health: -1/32      AC:  3    Str:  8    XL:     6   Next: 54%
Magic:  12/12      EV: 15    Int: 18    God:
Gold:   103        SH:  0    Dex: 14    Spells: 3/12 levels left

rFire   + . .      SeeInvis .   (no weapon)
rCold   + . .      Faith    .   (no shield)
rNeg    . . .      Spirit   .   a - +0 robe
rPois   +          Reflect  .   (helmet restricted)
rElec   +          Harm     .   (no cloak)
rCorr   +          Rampage  .   k - +0 pair of gloves
Will    .....                   (boots unavailable)
Stlth   ++........              (no amulet)
HPRegen 0.10/turn               (no ring)
MPRegen 0.13/turn               (no ring)

@: lethally poisoned (-1 -> -18), resistant, flying quickly and evasively,
slowed, very slow
A: beak, talons 3, nimble flight
a: no special abilities


You were in a sewer.
You visited 1 branch of the dungeon, and saw 3 of its levels.
You also visited: Sewer.

You collected 103 gold pieces.

Inventory:

Armour
 a - a +0 robe (worn)
 k - a +0 pair of gloves (worn)
Jewellery
 c - an amulet of faith
 g - a ring of fire
 l - a ring of poison resistance
Scrolls
 b - 2 scrolls of immolation {unknown}
 d - 4 scrolls of identify {unknown}
 h - a scroll of fog {unknown}
 i - 2 scrolls of fear {unknown}
 j - a scroll of teleportation {unknown}
 o - a scroll of enchant armour {unknown}
 p - a scroll of enchant weapon {unknown}
Potions
 e - a potion of curing {unknown}
 f - a potion of lignification {unknown}
 m - a potion of mutation {unknown}
 n - a potion of resistance
 q - a potion of heal wounds {unknown}


   Skills:
 + Level 0.2 Fighting
 + Level 2.4 Dodging
 - Level 2.0 Stealth
 + Level 3.5 Spellcasting
 * Level 8.1 Summonings


You had 3 spell levels left.
You knew the following spells:

 Your Spells              Type           Power      Damage    Failure   Level
a - Summon Small Mammal   Summ           100%       N/A       1%          1
b - Call Imp              Summ           32%        N/A       1%          2
c - Call Canine Familiar  Summ           32%        N/A       1%          3
d - Summon Guardian Gole  Hex/Summ       17%        N/A       9%          3

Your spell library contained the following spells:

 Spells                   Type           Power      Damage    Failure   Level
 Summon Lightning Spire   Summ/Air       17%        N/A       28%         4


Dungeon Overview and Level Annotations

Branches:
Dungeon (3/15)              Sewer (1/1)

Altars:
Ashenzari


Innate Abilities, Weirdness & Mutations

You have a beak for a mouth.
You have claws for feet.
Your magical nature lets you fly swiftly and evasively.


Message History

A kobold brigand comes into view.
It is wielding a +0 short sword and quivering curare-tipped darts.
The kobold brigand shouts!
The rat closely misses you.
The kobold brigand throws a curare-tipped dart.
The curare-tipped dart misses you. The rat bites you.
The kobold brigand throws a curare-tipped dart.
The curare-tipped dart hits your wolf.
Your wolf is poisoned.
Your wolf convulses.
Your wolf seems to slow down.
The rat barely misses you.
Your wolf barely misses the rat.
Your wolf bites the rat.
The rat dies!
The kobold brigand throws a curare-tipped dart.
The curare-tipped dart closely misses your wolf.
The curare-tipped dart hits you.
You are poisoned.
You have difficulty breathing.
You feel yourself slow down.
You feel very sick.
Your wolf bites the kobold brigand.
The kobold brigand hits your wolf but does no damage.
Your wolf bites the kobold brigand.
Unknown command.
You feel very sick.
The kobold brigand hits your wolf but does no damage.
Your wolf bites the kobold brigand.
The kobold brigand hits your wolf with a +0 short sword.
Your wolf closely misses the kobold brigand.
Unknown command.
* * * LOW HITPOINT WARNING * * *
You feel very sick.
Your wolf bites the kobold brigand!
The kobold brigand throws a curare-tipped dart.
The curare-tipped dart closely misses your wolf.
The curare-tipped dart hits you.
You are lethally poisoned!
You have difficulty breathing.
* * * LOW HITPOINT WARNING * * *
You feel as though you will be slow longer.
It was a potion of resistance.
You feel protected.
You die...

≈.. ≈ #≈# # #≈# # #≈#
# #### ##≈## ##
##.≈≈## ##..≈## ##.
#..≈K.####.∩≈..#####..
#.≈.†h≈≈≈≈.≈∩≈≈≈≈≈≈≈≈.
#.≈≈.@####≈.≈..#####≈.
##.≈≈## ##.≈.#######.
##≈# ##≈####≈#### #≈
#≈###...### #≈
#≈##..∩.≈## #
#≈###.).###
##≈####≈####
##≈h.###h###.
...####....≈##≈##≈.


You could see a kobold brigand (ally target) and a friendly wolf (summoned,
poisoned, slow).

Vanquished Creatures (collateral kills)
  Sigmund (D:2)
  Jessica (D:2)
  Natasha (twice) (D:2)
  5 adders
  A worm (D:2)
  A dart slug (D:2)
  5 orcs (D:3)
  4 endoplasms
  A giant cockroach (D:3)
  3 goblins
  3 hobgoblins
  4 jackals (D:1)
  2 quokkas
  8 ball pythons
  A bat (D:1)
  A frilled lizard (D:2)
  5 kobolds
  7 rats
55 creatures vanquished.

Notes
Turn   | Place    | Note
-------+----------+-------------------------------------------
     0 | D:1      | lordive the Tengu Summoner began the quest for the Orb.
     0 | D:1      | Reached XP level 1. HP: 10/10 MP: 4/4
   124 | D:1      | Reached skill level 5 in Summonings
   209 | D:1      | Reached XP level 2. HP: 3/15 MP: 1/6
   215 | D:1      | Learned a level 2 spell: Call Imp
   731 | D:1      | Noticed a great orb of eyes
   737 | D:1      | Noticed a golden eye
   782 | D:1      | Found a faded altar of an unknown god.
   785 | D:1      | Noticed a shining eye
   794 | D:1      | Noticed a great orb of eyes
  1656 | D:2      | Noticed Jessica
  1670 | D:2      | Killed Jessica
  1671 | D:2      | Reached skill level 6 in Summonings
  1671 | D:2      | Reached XP level 3. HP: 19/19 MP: 3/7
  1675 | D:2      | Learned a level 3 spell: Call Canine Familiar
  1872 | D:2      | Reached XP level 4. HP: 14/24 MP: 4/8
  2395 | D:2      | Noticed Natasha
  2403 | D:2      | Killed Natasha
  2408 | D:2      | Noticed Natasha
  2418 | D:2      | Killed Natasha
  2419 | D:2      | Gained mutation: Your magical nature lets you fly swiftly
                  | and evasively. [Tengu growth]
  2419 | D:2      | Reached XP level 5. HP: 19/28 MP: 2/10
  2716 | D:2      | Reached skill level 7 in Summonings
  2986 | D:2      | Learned a level 3 spell: Summon Guardian Golem
  3127 | D:2      | Noticed Sigmund
  3358 | D:2      | Killed Sigmund
  3359 | D:2      | Reached XP level 6. HP: 9/32 MP: 1/12
  4066 | D:3      | Found a broken altar of Ashenzari.
  4114 | D:3      | Reached skill level 8 in Summonings
  4163 | D:3      | Found a glowing drain.
  4196 | Sewer    | Entered a sewer
  4604 | Sewer    | Succumbed to a kobold brigand's curare-tipped dart

Illustrated notes

Levels and vault maps discovered:
D:1:      evilmike_arrival_fibonacci_small, layout_basic,
          hellmonk_ecumenical_altar_watching_god
D:2:      layout_basic, uniq_jessica, uniq_natasha, uniq_sigmund
D:3:      layout_loops_ring, mainiacjoe_overflow_chevrons,
          gup_sewer_entry_glass, serial_park_tiny_2
Sewer:    sewer_co_15_rooms

Skill      XL: |  1  2  3  4  5  6 |
---------------+-------------------+-----
Summonings     | 5 6 7 8 |  8.1
Spellcasting   | 3 |  3.5
Fighting       | |  0.2
Dodging        | |  2.4
Stealth        | |  2.0

Action                   |  1- 3 |  4- 6 || total
-------------------------+-------+-------++-------
 Cast: Summon Small Mamm |    39 |    19 ||    58
       Call Imp          |    13 |    10 ||    23
       Call Canine Famil |       |    17 ||    17
  Use: Potion            |       |     1 ||     1
Armor: Robe              |     8 |     2 ||    10
Dodge: Dodged            |    34 |    23 ||    57
